General information
- name: BNet
- type: Ladder team game (AT/RT)
- host: Battle.net
- saver: iim7b5V7i
map: SilverpineForest
- players: 6
- length: 28:06
- speed: Fast
- version: 1.26 W3XP
- replay type:

» download(208 KB)
Players
team 1 (loser)
LOLPANDALOL (
red | 68 APM | 1904 actions | 28:04)
4 Dark Ranger
2 Black Arrow
2 Life Drain
2 Naga Sea Witch
1 Frost Arrows
1 Forked Lightning
» actions
| Assign group hotkey | 31 | |
| Basic commands | 69 | |
| Build / train | 69 | |
| Enter build submenu | 20 | |
| Enter hero's abilities submenu | 6 | |
| Remove unit from queue | 4 | |
| Right click | 1076 | |
| Select / deselect | 308 | |
| Select group hotkey | 258 | |
| Use ability | 63 | |
1904 total
» units
| Wisp | 14 | |
| Huntress | 9 | |
| Mountain Giant | 19 | |
| Dryad | 5 | |
| Druid of the Claw | 1 | |
48 total
» upgrades
| Reinforced Hides | 2 | |
| Hardened Skin | 1 | |
3 total
» buildings
| Altar of Elders | 1 | |
| Moon Well | 10 | |
| Hunter's Hall | 1 | |
| Ancient of War | 1 | |
| Ancient of Wonders | 1 | |
| Tree of Ages | 2 | |
| Ancient of Lore | 4 | |
| Tree of Eternity | 4 | |
24 total
» build order
00:19 Altar of Elders
00:33 Moon Well
01:59 Hunter's Hall
02:03 Ancient of War
02:12 Ancient of Wonders
02:41 Moon Well
03:29 Tree of Ages
03:30 Tree of Ages
04:42 Moon Well
05:37 Moon Well
06:50 Ancient of Lore
06:54 Ancient of Lore
07:08 Ancient of Lore
07:18 Ancient of Lore
07:45 Moon Well
08:27 Moon Well
09:17 Moon Well
10:25 Moon Well
10:57 Tree of Eternity
10:58 Tree of Eternity
10:58 Tree of Eternity
13:09 Moon Well
14:06 Moon Well
marchewski (
green | 40 APM | 1055 actions | 26:37)
4 Crypt Lord
2 Spiked Carapace
1 Carrion Beetles
1 Impale
5 Death Knight
3 Death Coil
2 Unholy Aura
» actions
| Assign group hotkey | 14 | |
| Basic commands | 17 | |
| Build / train | 51 | |
| Enter build submenu | 16 | |
| Enter hero's abilities submenu | 8 | |
| Give item / drop item | 6 | |
| Remove unit from queue | 1 | |
| Right click | 605 | |
| Select / deselect | 199 | |
| Select group hotkey | 96 | |
| Use ability | 42 | |
1055 total
» units
| Acolyte | 2 | |
| Ghoul | 2 | |
| Crypt Fiend | 5 | |
| Obsidian Statue | 2 | |
| Frost Wyrm | 5 | |
| Meatwagon | 4 | |
20 total
» upgrades
| Creature Attack | 1 | |
| Unholy Armor | 1 | |
| Web | 1 | |
| Freezing Breath | 1 | |
| Unholy Strength | 1 | |
5 total
» buildings
| Altar of Darkness | 1 | |
| Ziggurat | 9 | |
| Crypt | 1 | |
| Graveyard | 1 | |
| Nerubian Tower | 1 | |
| Tomb of Relics | 1 | |
| Halls of the Dead | 1 | |
| Slaughterhouse | 2 | |
| Sacrificial Pit | 1 | |
| Black Citadel | 1 | |
| Boneyard | 2 | |
21 total
» build order
00:13 Altar of Darkness
00:18 Ziggurat
00:42 Crypt
01:11 Graveyard
01:14 Nerubian Tower
01:32 Tomb of Relics
02:08 Ziggurat
04:04 Halls of the Dead
05:30 Ziggurat
05:32 Ziggurat
06:43 Slaughterhouse
07:03 Slaughterhouse
08:28 Sacrificial Pit
10:57 Black Citadel
13:26 Boneyard
13:29 Boneyard
15:06 Ziggurat
15:09 Ziggurat
15:11 Ziggurat
15:16 Ziggurat
22:10 Ziggurat
» items
| Dust of Appearance | 4 | |
| Rod of Necromancy | 1 | |
| Sacrificial Skull | 1 | |
| Legion Doom-Horn | 1 | |
| Potion of Lesser Invulnerability | 1 | |
| Orb of Corruption | 1 | |
| Potion of Healing | 1 | |
| Scroll of Healing | 1 | |
11 total
marchovski (
pink | 74 APM | 1987 actions | 26:41)
4 Mountain King
2 Storm Bolt
2 Bash
2 Naga Sea Witch
1 Frost Arrows
1 Forked Lightning
» actions
| Assign group hotkey | 44 | |
| Basic commands | 5 | |
| Build / train | 65 | |
| Enter build submenu | 21 | |
| Enter hero's abilities submenu | 6 | |
| Remove unit from queue | 1 | |
| Right click | 1298 | |
| Select / deselect | 370 | |
| Select group hotkey | 126 | |
| Use ability | 51 | |
1987 total
» units
| Peasant | 9 | |
| Footman | 9 | |
| Rifleman | 5 | |
| Mortar Team | 16 | |
39 total
» upgrades
| Gunpowder | 3 | |
| Fragmentation Shards | 1 | |
| Lumber Harvesting | 1 | |
5 total
» buildings
| Altar of Kings | 1 | |
| Barracks | 1 | |
| Farm | 12 | |
| Scout Tower | 1 | |
| Arcane Vault | 1 | |
| Arcane Tower | 1 | |
| Lumber Mill | 1 | |
| Blacksmith | 2 | |
| Keep | 1 | |
| Workshop | 2 | |
| Castle | 1 | |
24 total
» build order
00:08 Altar of Kings
00:12 Barracks
00:16 Farm
00:52 Farm
01:31 Scout Tower
02:05 Farm
02:13 Arcane Vault
02:27 Arcane Tower
03:08 Lumber Mill
03:26 Blacksmith
03:33 Blacksmith
04:39 Keep
04:48 Farm
05:38 Farm
06:18 Farm
07:48 Farm
08:26 Workshop
09:19 Workshop
09:22 Castle
11:14 Farm
12:13 Farm
13:01 Farm
14:50 Farm
15:29 Farm
» items
| Scroll of Regeneration | 3 | |
| Lesser Clarity Potion | 2 | |
| Potion of Invulnerability | 1 | |
| Scroll of Protection | 1 | |
| Scroll of Healing | 1 | |
| Boots of Speed | 1 | |
9 total
team 2 (winner)
Birdeneering (
orange | 118 APM | 3307 actions | 28:04)
4 Archmage
2 Blizzard
2 Brilliance Aura
4 Blood Mage
2 Flame Strike
2 Siphon Mana
3 Mountain King
2 Storm Bolt
1 Bash
» actions
| Assign group hotkey | 542 | |
| Basic commands | 12 | |
| Build / train | 143 | |
| Enter build submenu | 145 | |
| Enter hero's abilities submenu | 11 | |
| Give item / drop item | 7 | |
| Right click | 1263 | |
| Select / deselect | 403 | |
| Select group hotkey | 487 | |
| Use ability | 294 | |
3307 total
» units
» upgrades
| Masonry | 3 | |
| Lumber Harvesting | 1 | |
| Magic Sentry | 1 | |
5 total
» buildings
| Altar of Kings | 2 | |
| Lumber Mill | 1 | |
| Farm | 4 | |
| Scout Tower | 172 | |
| Arcane Tower | 7 | |
| Guard Tower | 66 | |
| Keep | 3 | |
| Castle | 1 | |
| Arcane Sanctum | 1 | |
| Town Hall | 2 | |
| Arcane Vault | 6 | |
265 total
» build order
00:06 Altar of Kings
00:18 Lumber Mill
00:34 Farm
01:11 Farm
01:24 Scout Tower
01:31 Farm
01:55 Scout Tower
01:58 Arcane Tower
02:02 Scout Tower
02:12 Scout Tower
02:22 Scout Tower
02:24 Arcane Tower
02:24 Arcane Tower
03:04 Guard Tower
03:06 Scout Tower
03:07 Scout Tower
03:09 Scout Tower
03:10 Guard Tower
03:40 Scout Tower
03:41 Scout Tower
03:41 Scout Tower
03:42 Guard Tower
04:26 Guard Tower
04:27 Scout Tower
04:50 Keep
04:50 Keep
04:57 Guard Tower
05:03 Scout Tower
05:03 Scout Tower
05:23 Guard Tower
05:25 Scout Tower
05:25 Scout Tower
05:59 Guard Tower
06:01 Scout Tower
06:02 Scout Tower
06:10 Guard Tower
06:16 Scout Tower
06:16 Scout Tower
06:17 Scout Tower
06:17 Scout Tower
06:48 Scout Tower
06:49 Scout Tower
06:53 Farm
07:01 Guard Tower
07:03 Scout Tower
07:04 Scout Tower
07:07 Arcane Tower
07:10 Guard Tower
07:58 Guard Tower
08:01 Scout Tower
08:02 Scout Tower
08:21 Guard Tower
08:22 Scout Tower
08:23 Scout Tower
08:26 Castle
08:28 Scout Tower
08:29 Scout Tower
08:48 Scout Tower
08:55 Guard Tower
09:11 Guard Tower
09:13 Scout Tower
09:14 Scout Tower
09:15 Scout Tower
09:17 Scout Tower
09:17 Scout Tower
09:31 Guard Tower
09:32 Scout Tower
09:33 Scout Tower
09:34 Scout Tower
09:38 Scout Tower
09:39 Scout Tower
09:40 Scout Tower
09:40 Scout Tower
09:43 Scout Tower
09:44 Scout Tower
09:45 Scout Tower
09:45 Scout Tower
09:49 Arcane Sanctum
09:52 Guard Tower
10:11 Guard Tower
10:12 Scout Tower
10:13 Scout Tower
10:15 Scout Tower
10:16 Scout Tower
10:28 Guard Tower
11:01 Guard Tower
11:03 Scout Tower
11:03 Scout Tower
11:22 Town Hall
11:28 Guard Tower
11:30 Scout Tower
11:31 Scout Tower
11:32 Scout Tower
11:34 Scout Tower
11:48 Guard Tower
11:52 Scout Tower
11:52 Scout Tower
11:53 Scout Tower
11:53 Scout Tower
11:54 Scout Tower
11:54 Scout Tower
11:56 Guard Tower
11:59 Guard Tower
12:00 Guard Tower
12:01 Guard Tower
12:04 Scout Tower
12:05 Scout Tower
12:05 Scout Tower
12:19 Scout Tower
12:32 Arcane Tower
12:33 Guard Tower
12:37 Guard Tower
12:48 Arcane Vault
12:51 Scout Tower
12:53 Scout Tower
12:55 Scout Tower
13:01 Guard Tower
13:04 Scout Tower
13:04 Scout Tower
13:05 Scout Tower
13:06 Scout Tower
13:10 Scout Tower
13:32 Scout Tower
13:33 Scout Tower
13:40 Guard Tower
13:45 Scout Tower
13:47 Guard Tower
13:58 Scout Tower
13:58 Scout Tower
13:59 Scout Tower
14:45 Guard Tower
14:50 Scout Tower
14:51 Scout Tower
14:52 Guard Tower
14:56 Scout Tower
14:57 Scout Tower
15:03 Scout Tower
15:04 Scout Tower
15:11 Arcane Tower
15:17 Guard Tower
15:27 Guard Tower
15:29 Scout Tower
15:43 Scout Tower
15:44 Scout Tower
15:45 Scout Tower
15:47 Scout Tower
15:49 Scout Tower
15:49 Scout Tower
15:50 Scout Tower
15:50 Scout Tower
15:56 Guard Tower
15:59 Scout Tower
16:26 Guard Tower
16:39 Guard Tower
16:41 Scout Tower
16:44 Scout Tower
16:48 Guard Tower
16:49 Scout Tower
16:50 Scout Tower
17:11 Guard Tower
17:19 Guard Tower
18:02 Guard Tower
18:04 Scout Tower
18:05 Scout Tower
18:35 Scout Tower
18:39 Altar of Kings
18:44 Guard Tower
18:46 Scout Tower
18:46 Scout Tower
18:47 Scout Tower
18:48 Guard Tower
18:50 Scout Tower
18:51 Scout Tower
18:56 Scout Tower
18:57 Scout Tower
19:01 Arcane Vault
19:02 Arcane Vault
19:15 Guard Tower
19:19 Scout Tower
19:19 Scout Tower
19:20 Guard Tower
19:41 Guard Tower
19:43 Scout Tower
19:44 Scout Tower
19:45 Scout Tower
19:45 Scout Tower
19:49 Scout Tower
19:49 Guard Tower
20:01 Scout Tower
20:04 Scout Tower
20:20 Guard Tower
20:26 Guard Tower
20:27 Scout Tower
20:39 Guard Tower
20:41 Scout Tower
20:43 Town Hall
20:44 Scout Tower
20:45 Scout Tower
20:46 Scout Tower
20:53 Scout Tower
20:54 Scout Tower
21:05 Guard Tower
21:06 Scout Tower
21:14 Scout Tower
21:14 Scout Tower
21:15 Scout Tower
21:15 Scout Tower
21:29 Scout Tower
21:30 Scout Tower
21:30 Scout Tower
21:32 Arcane Tower
21:33 Guard Tower
21:34 Scout Tower
21:34 Scout Tower
21:35 Scout Tower
21:40 Arcane Vault
22:02 Guard Tower
22:04 Scout Tower
22:05 Scout Tower
22:05 Scout Tower
22:06 Scout Tower
22:06 Scout Tower
22:07 Scout Tower
22:12 Guard Tower
22:21 Scout Tower
22:21 Scout Tower
22:23 Guard Tower
22:25 Scout Tower
22:26 Scout Tower
22:26 Scout Tower
22:28 Guard Tower
22:31 Scout Tower
22:32 Scout Tower
22:33 Scout Tower
22:33 Scout Tower
22:35 Guard Tower
22:36 Scout Tower
22:38 Scout Tower
22:39 Scout Tower
22:54 Scout Tower
22:54 Guard Tower
23:23 Guard Tower
23:30 Guard Tower
23:33 Guard Tower
23:35 Scout Tower
23:44 Guard Tower
23:48 Guard Tower
23:59 Guard Tower
24:03 Scout Tower
24:04 Scout Tower
24:06 Scout Tower
24:25 Scout Tower
24:28 Arcane Vault
24:31 Scout Tower
25:18 Guard Tower
25:20 Arcane Vault
25:27 Guard Tower
25:32 Scout Tower
25:59 Scout Tower
26:01 Scout Tower
26:02 Scout Tower
26:50 Scout Tower
26:51 Scout Tower
26:51 Scout Tower
» items
| Healing Salve | 2 | |
| Boots of Speed | 2 | |
| Staff of Teleportation | 3 | |
| Staff of Sanctuary | 2 | |
| Orb of Lightning | 1 | |
| Potion of Healing | 1 | |
| Scroll of Town Portal | 1 | |
| Scroll of Regeneration | 1 | |
13 total
iim7b5V7i (
yellow | 102 APM | 2857 actions | 28:06)
7 Blademaster
3 Wind Walk
3 Critical Strike
1 Bladestorm
» actions
| Assign group hotkey | 223 | |
| Basic commands | 12 | |
| Build / train | 66 | |
| ESC pressed | 7 | |
| Enter build submenu | 88 | |
| Enter hero's abilities submenu | 7 | |
| Give item / drop item | 9 | |
| Right click | 1571 | |
| Select / deselect | 349 | |
| Select group hotkey | 267 | |
| Use ability | 258 | |
2857 total
» units
» upgrades
| Spiked Barricades | 1 | |
| Ranged Weapons | 2 | |
| Reinforced Defenses | 1 | |
| Liquid Fire | 1 | |
5 total
» buildings
| Altar of Storms | 1 | |
| Orc Burrow | 4 | |
| War Mill | 1 | |
| Watch Tower | 63 | |
| Stronghold | 2 | |
| Voodoo Lounge | 3 | |
| Great Hall | 4 | |
| Fortress | 2 | |
| Beastiary | 2 | |
82 total
» build order
00:02 Altar of Storms
00:10 Orc Burrow
00:21 War Mill
01:26 Orc Burrow
01:46 Watch Tower
02:06 Watch Tower
02:17 Watch Tower
02:42 Watch Tower
03:13 Watch Tower
03:30 Watch Tower
03:57 Watch Tower
04:11 Stronghold
04:19 Watch Tower
04:42 Voodoo Lounge
05:03 Watch Tower
05:11 Watch Tower
05:12 Watch Tower
05:14 Watch Tower
05:27 Watch Tower
06:10 Watch Tower
06:24 Watch Tower
06:25 Watch Tower
07:08 Watch Tower
07:12 Great Hall
07:22 Watch Tower
07:42 Watch Tower
07:43 Watch Tower
07:43 Watch Tower
07:44 Watch Tower
07:55 Fortress
08:11 Watch Tower
08:13 Watch Tower
08:14 Watch Tower
08:15 Watch Tower
08:15 Watch Tower
08:16 Watch Tower
08:33 Beastiary
08:35 Beastiary
09:32 Great Hall
09:39 Watch Tower
09:39 Watch Tower
09:39 Watch Tower
09:41 Watch Tower
09:42 Watch Tower
09:56 Great Hall
10:12 Great Hall
10:15 Watch Tower
10:27 Watch Tower
10:29 Watch Tower
10:30 Watch Tower
10:30 Watch Tower
11:52 Watch Tower
11:53 Watch Tower
11:54 Watch Tower
11:54 Watch Tower
11:55 Watch Tower
11:55 Watch Tower
11:58 Watch Tower
12:08 Watch Tower
12:19 Orc Burrow
12:20 Orc Burrow
13:01 Voodoo Lounge
13:03 Voodoo Lounge
13:29 Watch Tower
13:33 Watch Tower
14:58 Watch Tower
14:59 Watch Tower
14:59 Watch Tower
15:00 Watch Tower
15:01 Watch Tower
15:01 Watch Tower
16:19 Watch Tower
16:39 Watch Tower
18:55 Watch Tower
19:17 Watch Tower
19:18 Watch Tower
19:19 Watch Tower
19:20 Watch Tower
20:04 Watch Tower
21:10 Watch Tower
» items
| Staff of Teleportation | 1 | |
| Healing Salve | 2 | |
| Lesser Clarity Potion | 3 | |
| Orb of Lightning | 1 | |
| Helm of Valor | 1 | |
| Potion of Mana | 2 | |
| Potion of Healing | 2 | |
| Claws of Attack +9 | 2 | |
14 total
nutsonyochin.de (
teal | 88 APM | 2468 actions | 28:04)
6 Warden
3 Shadow Strike
3 Blink
» actions
| Assign group hotkey | 5 | |
| Basic commands | 5 | |
| Build / train | 72 | |
| ESC pressed | 1 | |
| Enter build submenu | 21 | |
| Enter hero's abilities submenu | 6 | |
| Give item / drop item | 9 | |
| Right click | 1698 | |
| Select / deselect | 177 | |
| Select group hotkey | 304 | |
| Use ability | 168 | |
2468 total
» units
» upgrades
| Ultravision | 1 | |
| Well Spring | 1 | |
| Strength of the Wild | 2 | |
| Reinforced Hides | 2 | |
| Corrosive Breath | 1 | |
7 total
» buildings
| Altar of Elders | 1 | |
| Moon Well | 15 | |
| Tree of Life | 1 | |
| Tree of Ages | 2 | |
| Hunter's Hall | 1 | |
| Ancient of Wonders | 2 | |
| Tree of Eternity | 1 | |
| Ancient of Wind | 1 | |
| Chimaera Roost | 2 | |
26 total
» build order
00:08 Altar of Elders
00:13 Moon Well
00:58 Moon Well
02:48 Moon Well
03:30 Tree of Life
04:01 Tree of Ages
05:56 Hunter's Hall
05:57 Ancient of Wonders
05:58 Ancient of Wonders
07:08 Tree of Eternity
11:05 Ancient of Wind
11:13 Moon Well
11:14 Moon Well
11:20 Moon Well
11:21 Moon Well
11:23 Moon Well
11:25 Moon Well
12:04 Moon Well
12:06 Moon Well
14:45 Chimaera Roost
14:46 Chimaera Roost
17:56 Moon Well
17:57 Moon Well
17:57 Moon Well
17:58 Moon Well
» items
| Staff of Teleportation | 1 | |
| Boots of Speed | 1 | |
| Potion of Healing | 9 | |
| Lesser Clarity Potion | 3 | |
| Moonstone | 1 | |
| Orb of Venom | 1 | |
| Potion of Mana | 1 | |
| Healing Salve | 2 | |
| Tiny Great Hall | 1 | |
20 total
Chat log
(04:11 / All) Birdeneering: W8
(04:14 / All) nutsonyochin.de: ohld on
(04:14 / All) Birdeneering: "nice" surround alert
(04:15 / All) nutsonyochin.de: please
(04:18 / All) Birdeneering: "nice" surround
(04:19 / All) nutsonyochin.de: i spilled my pizza on my couch
(04:23 / All) Birdeneering: pink u noob?
(04:23 / All) LOLPANDALOL: raf putain
(04:26 / All) nutsonyochin.de: my mom gonna KILL ME
(04:28 / All) nutsonyochin.de: hoild on
(04:33 / All) nutsonyochin.de: plzzzz
(04:58 / All) marchovski: ime is money sry
(05:06 / All) Birdeneering: you're bad manner
(05:09 / All) Birdeneering: I won't forget this
(05:21 / All) marchovski: u're bad player
(08:11 / All) Birdeneering: "good" micro
(23:43 / All) iim7b5V7i: this must be pretty embarrassing for you guys
(23:57 / All) Birdeneering: losing to towers???
(23:58 / All) LOLPANDALOL: lamer tek :s
(24:08 / All) Birdeneering: noobnoob
(24:10 / All) Birdeneering: can't kill towers
(24:34 / All) LOLPANDALOL: :s
(24:38 / All) Birdeneering: cya noobs :)
(24:44 / All) Birdeneering: why didn't you let us pause
(25:04 / All) Birdeneering: pink
(25:09 / All) Birdeneering: told you u were noob
(25:16 / All) Birdeneering: you didn't believe??
(25:25 / All) LOLPANDALOL: you think you are so powerfull?
(25:34 / All) LOLPANDALOL: mass tower mass tower just tek for lamer and noob
(25:41 / All) Birdeneering: It's so noob
(25:42 / All) iim7b5V7i: we are noob??
(25:42 / All) Birdeneering: and you can
(25:44 / All) iim7b5V7i: u lose to it
(25:45 / All) Birdeneering: 't kill tower
(25:47 / All) Birdeneering: how it that
(25:57 / All) Birdeneering: very easy to kill towers you know
(26:03 / All) Birdeneering: unless u noob
(26:13 / All) LOLPANDALOL: men
(26:16 / All) LOLPANDALOL: stop talking
(26:26 / All) LOLPANDALOL: i don't care
(26:43 / All) Birdeneering: damn you suck
(26:44 / All) nutsonyochin.de: this embarrasse
(26:59 / All) Birdeneering: goodbye panda noob
(27:13 / All) LOLPANDALOL: pls read correctly
(27:16 / All) LOLPANDALOL: lolpandalol
(27:23 / All) iim7b5V7i: who cares about your name
(27:25 / All) iim7b5V7i: it will soon be forgotten
(27:28 / All) Birdeneering: how does it feel to care so much about a game
(27:30 / All) iim7b5V7i: like all the other noobs in history owned by towers they coudlnt defeat
(27:32 / All) LOLPANDALOL: bla bla
(27:32 / All) Birdeneering: that you stay even though you lost
(27:32 / All) iim7b5V7i: suck my dork
(27:34 / All) Birdeneering: just to be angry
(27:37 / All) Birdeneering: angry angry little noob
(27:38 / All) LOLPANDALOL: :) :)
(27:40 / All) Birdeneering: stays in the game
(27:44 / All) iim7b5V7i: get the fuck out of the game scrublard
(27:47 / All) LOLPANDALOL: you just can say noob?
(27:51 / All) LOLPANDALOL: niceee
(27:53 / All) Birdeneering: "HEH now they have to kill me! I'll show them I'm not angry with smiley faces!!"
(27:59 / All) Birdeneering: welL
(28:02 / All) Birdeneering: when someone loses
(28:04 / All) Birdeneering: to nothing but towers